 Dungeon Crawl Stone Soup version 0.30-b1-2-g02819fbbbe (webtiles) character file.

Game seed: 14548389330804844176

1229 sanka the Martial Artist (level 8, -2/72 HPs)
             Began as a Tengu Reaver on May 6, 2023.
             Was an Initiate of Gozag.
             Slain by an unseen horror (8 damage)
             ... on level 6 of the Dungeon.
             The game lasted 00:09:46 (6801 turns).

sanka the Martial Artist (Tengu Reaver)             Turns: 6801, Time: 00:09:46

Health: -2/72      AC: 24    Str: 12    XL:     8   Next: 48%
Magic:  12/12      EV:  2    Int: 13    God:    Gozag
Gold:   207        SH:  0    Dex: 16    Spells: 8/11 levels left

rFire   . .          .
                       - Unarmed
rCold   . . .        (no shield)
rNeg    . . .        a - melded +0 leather armour
rPois   +            (helmet currently unavailable)
rElec   .            q - melded +0 cloak
rCorr   .            (gloves currently unavailable)
SInv    .            (boots unavailable)
Will    .....        (no amulet)
Stlth   +            (no ring)
HPRegen 0.32/turn    (no ring)
MPRegen 0.13/turn

%: no passive effects
@: tree-form
A: stationary, stasis, torment immunity, boosted hp, (beak), (talons 3), nimble
flight
a: Renounce Religion, Potion Petition, Call Merchant, Bribe Branch


You were on level 6 of the Dungeon.
You worshipped Gozag.
Gozag was aware of your devotion.
You were a tree.
You visited 2 branches of the dungeon, and saw 7 of its levels.

You collected 277 gold pieces.
You paid 70 gold pieces to Gozag.

Inventory:

Armour
 a - a +0 leather armour (melded)
 q - a +0 cloak (melded)
Magical Staves
 g - a staff of fire
Jewellery
 x - a ring of wizardry
Wands
 w - a wand of charming (15)
 y - a wand of roots (6)
Scrolls
 b - a scroll of vulnerability {unknown}
 d - 3 scrolls of identify {@r1}
 e - a scroll of butterflies {unknown}
 h - a scroll of silence {unknown}
 i - a scroll of acquirement {unknown}
 j - 4 scrolls of blinking
 k - a scroll of noise {unknown}
 l - a scroll of poison {unknown}
 p - a scroll of enchant armour {unknown}
 r - 2 scrolls of fear {unknown}
 s - 2 scrolls of teleportation {unknown}
 z - a scroll of torment {unknown}
 A - a scroll of amnesia {unknown}
Potions
 c - a potion of lignification {!q}
 m - a potion of magic {unknown}
 n - 2 potions of mutation {!q}
 o - a potion of heal wounds {unknown}
 t - a potion of resistance {unknown}
 u - a potion of curing {unknown}
 v - a potion of attraction {unknown}
 B - a potion of cancellation {unknown}


   Skills:
 + Level 4.0 Fighting
 + Level 4.4 Dodging
 - Level 10.0 Unarmed Combat
 - Level 2.0 Spellcasting
 - Level 4.0 Conjurations


You had 8 spell levels left.
You knew the following spells:

 Your Spells              Type           Power      Damage    Failure   Level
a - Kiss of Death         Conj/Necr      24%        2d7       11%         1
b - Momentum Strike       Conj/Tloc      12%        3d8       17%         2

Your spell library contained the following spells:

 Spells                   Type           Power      Damage    Failure   Level
 Magic Dart               Conj           44%        1d5       4%          1
 Necrotise                Necr           4%         1d4       26%         1
 Hailstorm                Conj/Ice       6%         3d4       32%         3
 Call Imp                 Summ           2%         N/A       36%         2
 Mephitic Cloud           Conj/Pois/Air  4%         N/A       41%         3
 Gell's Gravitas          Tloc           1%         N/A       58%         3
 Teleport Other           Tloc           1%         N/A       58%         3
 Vampiric Draining        Necr           1%         2d6       58%         3
 Agony                    Necr           1%         N/A       100%        5
 Dispersal                Tloc           0%         N/A       100%        6


Dungeon Overview and Level Annotations

Branches:
Dungeon (6/15)             Temple (1/1) D:6

Altars:
Ashenzari
Cheibriados
Dithmenos
Elyvilon
Fedhas
Gozag
Hepliaklqana
Kikubaaqudgha
Nemelex Xobeh
Okawaru
Qazlal
Ru
Sif Muna
Trog
Uskayaw
Vehumet
Wu Jian
Xom
Yredelemnul
Zin
The Shining One

Shops:
D:2 (   D:4 *


Innate Abilities, Weirdness & Mutations

You are a tree.
Your roots penetrate the ground, keeping you stationary.
You cannot be teleported.
You are immune to unholy pain and torment.
Your maximum health is greatly increased.
Your equipment is partially melded.
((You have a beak for a mouth.))
((You have claws for feet.))
Your magical nature lets you fly swiftly and evasively.


Message History

Deactivating autopickup; reactivate with Ctrl-A.
Something hits you! Something closely misses you.
You completely miss something. You peck something. Something hits you.
Something hits you. Something closely misses you. Something barely misses you.
Something barely misses you.
You closely miss something. Your peck misses something.
Something hits you but does no damage. Something hits you.
Aiming: Fastroot
Press: ? - help, Shift-Dir - straight line The roots erupt in riotous growth!
Something hits you but does no damage. Something hits you but does no damage.
Something hits you.
Aiming: Fastroot
Press: ? - help, Shift-Dir - straight line The roots erupt in riotous growth!
Something barely misses you.
You hit something but do no damage. Your kick misses something.
You peck something. Something barely misses you. Something hits you.
Something hits you. Something hits you!
* * * LOW HITPOINT WARNING * * *
Something hits you but does no damage. Something hits you.
* * * LOW HITPOINT WARNING * * *
Something hits you.
* * * LOW HITPOINT WARNING * * *
Something closely misses you.
It was a potion of lignification.
You turn into a tree.
Your +0 cloak melds into your body.
Your +0 leather armour melds into your body.
Your roots penetrate the ground.
Something hits you.
* * * LOW HITPOINT WARNING * * *
As you read the scroll labelled AMUARCHISIE, it crumbles to dust.
It is a scroll of identify.
j - 4 scrolls of blinking Something hits you but does no damage.
As you read the scroll of identify {@r1}, it crumbles to dust.
n - 2 potions of mutation It was a potion of flight.
Your roots keep you in place.
Something hits you!
You die...
Your body crumbles into a pile of gold.

..#### #..# ### #..# ###
##..# ...## ##<#.# .....#
##..#.# ......# #..##.#
.......#### ##.##.##
..........#########..#####
............♣.#####..##..####
........#####........###.....
........# #####....##..>...
........# ####.[.......
.......## #..####### .......
##.## ...>..# #..# ......
#..# ...... #..#


There were no monsters in sight!

Vanquished Creatures
  Sigmund (D:2)
  Menkaure (D:5)
  A sky beast (D:5)
  2 ogres (D:4)
  3 scorpions
  An orc priest (D:6)
  A jelly (D:6)
  A gnoll bouda (D:4)
  3 hounds (D:5)
  2 sleepcaps
  An iguana (D:5)
  An orc wizard (D:5)
  Robin (D:1)
  9 adders
  4 gnolls
  A shadow imp (D:6)
  An ufetubus (D:5)
  A dart slug (D:1)
  12 orcs
  11 ball pythons
  5 bats
  4 endoplasms
  2 giant cockroaches
  12 goblins
  13 hobgoblins
  4 jackals (D:3)
  2 quokkas
  4 frilled lizards
  A kobold (D:2)
  4 rats
109 creatures vanquished.

Notes
Turn   | Place    | Note
-------+----------+-------------------------------------------
     0 | D:1      | sanka the Tengu Reaver began the quest for the Orb.
     0 | D:1      | Reached XP level 1. HP: 12/12 MP: 4/4
   240 | D:1      | Reached XP level 2. HP: 12/17 MP: 6/6
   292 | D:1      | Reached skill level 4 in Unarmed Combat
   858 | D:2      | You fall into a shaft and drop 2 floors!
   898 | D:3      | Learned a level 2 spell: Momentum Strike
   936 | D:3      | Reached XP level 3. HP: 21/21 MP: 0/7
  1277 | D:3      | Reached skill level 5 in Unarmed Combat
  1410 | D:2      | Found Ytyotz's Antique Weapon Emporium.
  1479 | D:2      | Reached XP level 4. HP: 26/26 MP: 8/8
  1479 | D:2      | Noticed Robin
  1577 | D:1      | Killed Robin
  1897 | D:2      | Noticed Sigmund
  2120 | D:2      | Found a faded altar of an unknown god.
  2503 | D:3      | Reached skill level 6 in Unarmed Combat
  2617 | D:3      | Gained mutation: Your magical nature lets you fly swiftly
                  | and evasively. [Tengu growth]
  2617 | D:3      | Reached XP level 5. HP: 30/30 MP: 9/9
  3126 | D:4      | Found Zin's Purification Station.
  3132 | D:4      | Found a glowing silver altar of Zin.
  3502 | D:4      | Noticed an ogre
  3520 | D:4      | Killed an ogre
  3521 | D:4      | Reached skill level 7 in Unarmed Combat
  3521 | D:4      | Reached XP level 6. HP: 28/35 MP: 6/10
  3570 | D:4      | Found a sacrificial altar of Ru.
  3624 | D:4      | Became a worshipper of Ru the Awakened
  3844 | D:5      | Entered Level 5 of the Dungeon
  3849 | D:4      | Reached skill level 8 in Unarmed Combat
  3899 | D:5      | Reached XP level 7. HP: 29/40 MP: 0/11
  4093 | D:5      | Found an opulent altar of Gozag.
  4103 | D:5      | Found a stormy altar of Qazlal.
  4211 | D:5      | Reached skill level 9 in Unarmed Combat
  4847 | D:5      | Noticed Menkaure
  4864 | D:5      | Killed Menkaure
  4865 | D:5      | Reached skill level 10 in Unarmed Combat
  4865 | D:5      | Reached XP level 8. HP: 23/44 MP: 9/12
  5271 | D:6      | Found a staircase to the Ecumenical Temple.
  5286 | Temple   | Entered the Ecumenical Temple
  5437 | D:5      | Fell from the grace of Ru
  5437 | D:5      | Became a worshipper of Gozag Ym Sagoz the Greedy
  5570 | D:2      | Found Ytyotz's Antique Weapon Emporium.
  5664 | D:2      | Killed Sigmund
  5844 | D:2      | Found a faded altar of an unknown god.
  6801 | D:6      | Slain by an unseen horror

Illustrated notes

Levels and vault maps discovered:
D:1:      nicolae_arrival_washed_ashore, layout_basic, minmay_shallow_snake_nest
D:2:      layout_loops_ring, ebering_ecumenical_altar_abandoned, serial_shops,
          nicolae_shop_peninsula, uniq_robin, uniq_sigmund
D:3:      layout_loops_corners
D:4:      layout_cave_pods, zin_purify, minmay_ruined_shrine
D:5:      layout_basic, amethyst_overflow_temple_binary, nrook_campfire,
          uniq_menkaure
D:6:      layout_cave_pods, minmay_temple_entry_waves,
          small_statue_intersection, kennysheep_generic_room_10
Temple:   nicolae_temple_two_arcs

Skill      XL: |  1  2  3  4  5  6  7  8 |
---------------+-------------------------+-----
Unarmed Combat | 4 5 6 7 8 10 | 10.0
Dodging        | 4 |  4.4
Fighting       | 4 |  4.0
Spellcasting   | |  2.0
Conjurations   | |  4.0

Action                     |  1- 3 |  4- 6 |  7- 9 || total
---------------------------+-------+-------+-------++-------
  Melee: Unarmed           |    51 |   103 |   109 ||   263
         Kick              |    11 |    19 |    28 ||    58
         Peck              |     6 |     8 |    23 ||    37
         Punch             |     1 |     4 |     6 ||    11
   Cast: Momentum Strike   |     6 |     8 |     4 ||    18
         Kiss of Death     |       |     3 |       ||     3
  Evoke: Wand              |       |       |     2 ||     2
    Use: Scroll            |       |       |     2 ||     2
         Potion            |       |       |     2 ||     2
   Stab: Sleeping          |     1 |     2 |       ||     3
 Armour: Leather armour    |    17 |    30 |    25 ||    72
         Skin              |       |       |     1 ||     1
  Dodge: Dodged            |    33 |    66 |    67 ||   166
